zzz, neutral female human Valkyrie --------- --------------- |.......| |.$$$$..$)....| ^ |..<....| ##...............#### |.......| # ---------------###################@# |.......| ### # # h -----|--- # ## # # # # # # # # # # ### # # # --|------# |.......-# |....^..| --------- zzz the Skirmisher Experience level: 3 Strength: 18/01 Dexterity: 12 Constitution: 18 Intelligence: 10 Wisdom: 8 Charisma: 7 Health: 0(32) Energy: 8(8) Def: 6 Gold: 0 Moves: 1752 Dungeon seed: nlTN_Q-ydTXrCows Game ID: zzz_1465033625 Your Inventory: Weapons a - a +2 silver spear (weapon in hand) b - a +0 dagger Armor e - a blessed +3 small shield (being worn) n - an uncursed +0 leather armor (being worn) Comestibles i - an uncursed lichen corpse Scrolls o - an uncursed scroll of scare monster q - an uncursed scroll of magic mapping Potions m - an uncursed potion of hallucination p - an uncursed potion of healing r - an uncursed potion of gain ability Rings g - an uncursed ring of invisibility j - a cursed ring of teleportation Wands c - a wand of cold (0:4) l - a wand of striking (0:8) Tools f - an uncursed oil lamp (0:1130) k - an uncursed skeleton key Spells and supernatural/magical abilities: Name Level Category Fail Memory W - pray for help -- divine ? -- Your skills at the end: Miscellaneous Skills shield [Basic] wands [Basic] Weapon Skills dagger [Basic] spear [Basic] Spellcasting Skills Final Attributes: You were devoutly aligned. You were cold resistant. You were stealthy. You could fly. You were unlucky. Odin was angry with you. You are dead. Vanquished creatures: a leprechaun a rock mole a rock piercer a shrieker 2 kobold lords a dwarf zombie a coyote a hobbit 3 geckos 3 giant rats a yellow mold a green mold 2 gnome zombies 6 jackals a kobold a newt a goblin 2 sewer rats 2 grid bugs 3 lichens 35 creatures vanquished. Voluntary challenges: You were vegetarian. You did not adorn yourself with jewelry or accessories. You used a wielded weapon 44 times, starting on turn 24. You did not use tools. You read items or engraved 3 times, starting on turn 1539. You never genocided any monsters. You never polymorphed an object. You never changed form. You used no wishes. You never split a pudding. You wrote Elbereth's name 2 times, starting on turn 1671. You never violated your personal moral code. Dungeon overview: The Dungeons of Doom: levels 1 to 7 Level 1 a long staircase Level 2 a fountain Level 3 Level 4 Level 5 a fountain Level 6 Level 7 <- You were here History has recorded: On T:1 you entered the Dungeons of Doom to retrieve the Amulet of Yendor! On T:63 you reached level 2 of The Dungeons of Doom. On T:161 you reached level 3 of The Dungeons of Doom. On T:215 you reached level 4 of The Dungeons of Doom. On T:385 you reached level 5 of The Dungeons of Doom. On T:492 you advanced to experience level 2. On T:813 you advanced to experience level 3. On T:1137 you reached level 6 of The Dungeons of Doom. On T:1481 you reached level 7 of The Dungeons of Doom. On T:1585 you advanced to experience level 4. Score breakdown: Gold: 0 ( 0 points) Experience: 3 levels ( 200 points) Exploration: 7 levels ( 180 points) Discoveries: 3 items ( 150 points) Variety of kills: 20 monsters ( 1000 points) Major goal: (nothing yet) ( 0 points) Survival: died (score multiplied by 3) Total score: 4590 Latest messages: You can't eat that! You can't eat that! That food really hit the spot! You don't feel so weak now. You finish eating the food ration. You jab the leprechaun! Your wallet is empty. You stop exploring. The dwarf thrusts her dwarvish short sword. The dwarf stabs you! @Ì@ misses the dwarf. You displace @Ì@. @Ì@ misses the dwarf. You hear some noises. You begin praying to Odin. The dwarf thrusts her dwarvish short sword. The dwarf stabs you! You die... Final status: Farvel zzz the Valkyrie, killed by a dwarf, while praying... You died in The Dungeons of Doom on dungeon level 7 with 4590 points, and 0 pieces of gold, after 1752 moves. You were level 3 with a maximum of 32 hit points when you died.